 Dungeon Crawl Stone Soup version 0.29-a0-330-g52719c12eb (webtiles) character file.

Game seed: 3144542097557537178

1607 kae the Firebug (level 8, -12/56 (57) HPs)
             Began as a Demigod Fire Elementalist on May 1, 2022.
             Mangled by an orc warrior
             ... wielding a +0 glaive
              (18 damage)
             ... on level 7 of the Dungeon.
             The game lasted 00:05:10 (9021 turns).

kae the Firebug (Demigod Fire Elementalist)         Turns: 9021, Time: 00:05:11

HP:   -12/56 (57)   AC:  3    Str:  9    XL:     8   Next: 36%
MP:   4/18          EV: 29    Int: 25    God:
Gold: 307           SH:  0    Dex: 14    Spells: 2/15 levels left

rFire   . . .      SeeInvis .   (no weapon)
rCold   + . .      Faith    .   (no shield)
rNeg    . . .      Spirit   .   k - +1 robe {Will+}
rPois   .          Reflect  .   (no helmet)
rElec   .          Harm     .   (no cloak)
rCorr   .          Rampage  .   (no gloves)
Will    +....                   (no boots)
Stlth   +++.......              h - amulet of the acrobat
HPRegen 0.18/turn               i - ring of protection from cold
MPRegen 0.16/turn               t - ring of wizardry

@: acrobatic, studying Bows, lightly drained
A: high MP 1, forlorn, divine attributes
a: no special abilities


You were on level 7 of the Dungeon.
You visited 1 branch of the dungeon, and saw 7 of its levels.

You collected 325 gold pieces.
You spent 18 gold pieces at shops.

Inventory:

Armour
 a - a +1 robe
 k - a +1 robe of willpower (worn)
Jewellery
 h - an amulet of the acrobat (around neck)
 i - a ring of protection from cold (left hand)
 t - a ring of wizardry (right hand)
Wands
 m - a wand of flame (47)
 o - a wand of digging (4)
Scrolls
 c - 2 scrolls of amnesia
 e - a scroll of enchant weapon
 f - a scroll of blinking
 j - a scroll of teleportation
 q - a scroll of enchant armour
 r - a scroll of fear
Potions
 b - a potion of magic
 d - 3 potions of curing
 g - a potion of flight
 l - a potion of degeneration
 n - 2 potions of resistance
 p - 2 potions of haste {unknown}
 s - a potion of lignification {unknown}


   Skills:
 + Level 4.7 Dodging
 + Level 5.1 Stealth
 + Level 4.3 Spellcasting
 + Level 4.4 Conjurations
 + Level 5.2 Fire Magic


You had 2 spell levels left.
You knew the following spells:

 Your Spells              Type           Power      Damage    Failure   Level
a - Foxfire               Conj/Fire      100%       2x1d9     1%          1
b - Scorch                Fire           62%        2d8       1%          2
c - Conjure Flame         Conj/Fire      29%        6-21      1%          3
d - Inner Flame           Hex/Fire       18%        N/A       3%          3
e - Flame Wave            Conj/Fire      29%        2d8       4%          4

Your spell library contained the following spells:

 Spells                   Type           Power      Damage    Failure   Level


Dungeon Overview and Level Annotations

Branches:
Dungeon (7/15)             Temple (0/1) D:4

Shops:
D:1 *

Annotations:
D:3 3 runed translucent doors, kae's ghost, amateur DgFE
D:6 Eustachio


Innate Abilities, Weirdness & Mutations

You have an increased reservoir of magic. (+10% MP)
You shall have no god before yourself.
Your divine heritage dramatically boosts your attributes as you level up.


Message History

The boomerang of dispersal completely misses you.
A kobold comes into view.
It is quivering boomerangs of dispersal.
Casting: Foxfire (safe; 1% risk of failure)
Confirm with . or Enter, or press ? or * to list all spells.
You conjure some foxfire!
The kobold shouts!
The foxfire hits the bullfrog.
The bullfrog is moderately wounded.
The orc warrior barely misses you.
The foxfire hits the kobold brigand.
The kobold brigand is lightly wounded.
The bullfrog completely misses you. x2; The orc warrior closely misses you.
The orc warrior hits you from afar with a +0 glaive!
A kobold comes into view.
It is quivering boomerangs of dispersal.
Casting: Foxfire (safe; 1% risk of failure)
Confirm with . or Enter, or press ? or * to list all spells.
Casting: Flame Wave (dangerous; 4% risk of failure)
Press: ? - help, Dir - look around, f - activate A wave of flame ripples out!
The flame wave engulfs the bullfrog!
The bullfrog is almost dead.
The flame wave engulfs the kobold brigand.
The kobold brigand is moderately wounded. (Press . to intensify the flame waves.)
You hear a shout!
The bullfrog hits you!
* * * LOW HITPOINT WARNING * * *
The bullfrog hits you!
* * * LOW HITPOINT WARNING * * *
An orc comes into view. It is wielding a +0 short sword.
The orc warrior misses you.
A kobold comes into view.
It is quivering boomerangs of dispersal.
The kobold brigand closely misses you.
A wave of flame ripples out!
The flame wave engulfs the kobold.
You kill the kobold!
The flame wave engulfs the bullfrog.
You kill the bullfrog!
The flame wave engulfs the kobold brigand.
The kobold brigand is heavily wounded.
The flame wave engulfs the orc warrior but does no damage.
The orc warrior hits you from afar with a +0 glaive!!
You die...

## ###.# .... #..#
#z.### #..o.# ..
##o.# ...#. ##...#
#..#. ### ##)@.##
....##.####.(K..#
#......##...K.## .
#.............#
..###..........####
##.............#
..........####....#
..........# #K...#
........<.+ '...##


You could see an orc warrior, a kobold brigand, an orc and 2 kobolds.

Vanquished Creatures
  Edmund (D:6)
  Duvessa (D:6)
  A water moccasin (D:6)
  2 ogres (D:5)
  2 phantoms
  A necrophage (D:6)
  A bullfrog (D:7)
  A gnoll sergeant (D:5)
  2 scorpions
  3 wights
  Dowan (D:6)
  2 hounds (D:5)
  A jelly (D:6)
  An orc priest (D:6)
  4 iguanas
  Natasha (thrice) (D:3)
  4 gnolls
  9 adders
  A shadow imp (D:5)
  A white imp (D:5)
  An ufetubus (D:5)
  3 worms
  2 dart slugs (D:5)
  7 orcs
  8 ball pythons
  5 bats
  9 endoplasms
  4 giant cockroaches
  7 goblins
  5 hobgoblins
  4 jackals (D:3)
  2 quokkas
  A frilled lizard (D:2)
  6 kobolds
  5 rats
111 creatures vanquished.

Vanquished Creatures (collateral kills)
  8 foxfires (D:4)
8 creatures vanquished.

Vanquished Creatures (others)
  An orc wizard (D:6)
  420 foxfires
  2 plants (D:4)
423 creatures vanquished.

Grand Total: 542 creatures vanquished

Notes
Turn   | Place    | Note
-------+----------+-------------------------------------------
     0 | D:1      | kae the Demigod Fire Elementalist began the quest for the
                  | Orb.
     0 | D:1      | Reached XP level 1. HP: 14/14 MP: 5/5
   151 | D:1      | Reached skill level 1 in Conjurations
   756 | D:1      | Found Didaegred's Assorted Antiques.
   764 | D:1      | Bought a smoky pink potion for 18 gold pieces
   856 | D:1      | Reached XP level 2. HP: 20/20 MP: 2/7
  1265 | D:2      | Learned a level 2 spell: Scorch
  1558 | D:2      | Reached XP level 3. HP: 19/26 MP: 0/8
  1959 | D:2      | Learned a level 3 spell: Conjure Flame
  2013 | D:2      | You fall into a shaft and drop 1 floor!
  2262 | D:3      | Noticed Natasha
  2266 | D:3      | Killed Natasha
  2267 | D:3      | Reached XP level 4. HP: 33/33 MP: 4/10
  2329 | D:3      | Noticed Natasha
  2336 | D:3      | Killed Natasha
  2539 | D:3      | Noticed Natasha
  2547 | D:3      | Killed Natasha
  2623 | D:3      | Found a runed translucent gate.
  2624 | D:3      | Found a runed translucent gate.
  2625 | D:3      | Found a runed translucent gate.
  2627 | D:3      | Noticed kae's ghost (amateur DgFE)
  2628 | D:3      | Noticed an ice beast
  3230 | D:4      | Noticed a phantom
  3239 | D:3      | Killed a phantom
  3240 | D:3      | Reached XP level 5. HP: 28/38 MP: 5/11
  3854 | D:4      | Found a staircase to the Ecumenical Temple.
  3901 | D:4      | Reached XP level 6. HP: 27/45 MP: 4/13
  4680 | D:5      | Entered Level 5 of the Dungeon
  5960 | D:5      | Reached XP level 7. HP: 40/50 MP: 4/15
  6197 | D:5      | Learned a level 3 spell: Inner Flame
  7068 | D:6      | Learned a level 4 spell: Flame Wave
  7241 | D:6      | Noticed Duvessa
  7255 | D:6      | Noticed Dowan
  7264 | D:6      | Killed Duvessa
  7407 | D:6      | Killed Dowan
  7624 | D:6      | Identified the +2 dagger of Punishment {flame, Drain rC+
                  | Will++ Str+2}
  7697 | D:6      | Noticed Edmund
  7718 | D:6      | Killed Edmund
  7719 | D:6      | Reached XP level 8. HP: 30/57 MP: 3/17
  8344 | D:6      | Noticed Eustachio
  8382 | D:6      | Reached skill level 5 in Fire Magic
  8558 | D:6      | Reached skill level 5 in Stealth
  9021 | D:7      | Mangled by an orc warrior

Illustrated notes

Levels and vault maps discovered:
D:1:      tarquinn_simple_flora_water_f, layout_basic, serial_shops,
          nicolae_shop_stone, dreamdust_ecumenical_altar_angels_and_demons,
          minmay_misc_feat_four_crosses, chequers_serial_rivers_large_a
D:2:      layout_loops_ring, minmay_fractal_squares_gapless_5
D:3:      layout_rooms, ebering_ghost_gozag, chequers_serial_rivers_micro_b,
          minivault_4, uniq_natasha
D:4:      layout_rooms, temple_fountains, serial_bayou_pond_c,
          mrwooster_statue_mirror, minmay_manual_moon
D:5:      layout_gridville, st_stairs_14
D:6:      layout_loops_corners, st_stairs_14, uniq_eustachio, uniq_edmund,
          uniq_duvessa
D:7:      layout_cave_pools, minmay_unpleasant_kobolds

Skill      XL: |  1  2  3  4  5  6  7  8 |
---------------+-------------------------+-----
Conjurations   | 1 2 3 4 |  4.4
Stealth        | 2 3 4 5 |  5.1
Dodging        | 2 3 4 |  4.7
Spellcasting   | 2 3 4 |  4.3
Fire Magic     | 3 4 5 |  5.2

Action                   |  1- 3 |  4- 6 |  7- 9 || total
-------------------------+-------+-------+-------++-------
Melee: Unarmed           |     9 |     2 |       ||    11
       Punch             |     1 |       |       ||     1
 Cast: Foxfire           |    85 |    91 |    77 ||   253
       Scorch            |     8 |    24 |    24 ||    56
       Conjure Flame     |       |       |     2 ||     2
       Inner Flame       |       |       |     2 ||     2
       Flame Wave        |       |       |     2 ||     2
  Use: Scroll            |     2 |    11 |     1 ||    14
       Potion            |     1 |     2 |     1 ||     4
Armor: Robe              |    10 |     7 |     1 ||    18
Dodge: Dodged            |    26 |    57 |    46 ||   129

Table legend: (Time is in decaauts)
 A = Elapsed time spent in this place.
 B = Non-inter-level travel time spent in this place.
 C = Inter-level travel time spent in this place.
 D = Time resting spent in this place.
 E = Time spent auto-exploring this place.
 F = Levels seen in this place.
 G = Mean time per level.
                   A        B        C        D        E       F      G
               +--------+--------+--------+--------+--------+-----+--------+
         Total |   9048 |   8778 |    270 |   1694 |   5960 |   7 | 1292.6 |
       Dungeon |   9048 |   8778 |    270 |   1694 |   5960 |   7 | 1292.6 |
               +--------+--------+--------+--------+--------+-----+--------+

Top non-repeatable levels by time:
     D:6: 1817 daAuts
     D:5: 1724 daAuts
     D:4: 1657 daAuts
     D:1: 1316 daAuts
     D:2: 1261 daAuts
     D:3: 1238 daAuts
     D:7: 32 daAuts
